 Dungeon Crawl Stone Soup version 0.30-a0-722-g3e6e8c874d (webtiles) character file.

Game seed: 17368841040278055959

371 Dittersdorf the Shield-Bearer (level 6, -16/40 HPs)
             Began as a Gargoyle Fighter on Jan 27, 2023.
             Was an Initiate of Okawaru.
             Killed from afar by a steam dragon (18 damage)
             ... with a ball of steam
             ... on level 4 of the Dungeon.
             The game lasted 00:04:05 (2852 turns).

Dittersdorf the Shield-Bearer (Gargoyle Fighter)    Turns: 2852, Time: 00:04:06

Health: -16/40     AC: 12    Str: 22    XL:     6   Next: 71%
Magic:  6/6        EV:  9    Int:  8    God:    Okawaru [......]
Gold:   198        SH:  9    Dex:  9    Spells: 5/5 levels left

rFire   . . .      SeeInvis .    a - +1 flail
rCold   . . .      Faith    .    c - +0 buckler
rNeg    + . .      Spirit   .    b - +0 scale mail
rPois   ∞          Reflect  +    k - +0 helmet
rElec   +          Harm     .    (no cloak)
rCorr   .          Rampage  .    (no gloves)
Will    .....                    (no boots) Stlth
                                 m - amulet of reflection
HPRegen 0.26/turn                (no ring)
MPRegen 0.10/turn                (no ring)

@: no status effects
A: sickness immunity, AC +4, negative energy resistance 1, electricity
resistance, torment resistance 1, petrification resistance
a: Renounce Religion


You were on level 4 of the Dungeon.
You worshipped Okawaru.
Okawaru was noncommittal.
You visited 2 branches of the dungeon, and saw 5 of its levels.

You collected 198 gold pieces.

Inventory:

Hand Weapons
 a - a +1 flail (weapon)
Missiles
 n - a throwing net (quivered)
Armour
 b - a +0 scale mail (worn)
 c - a +0 buckler (worn)
 k - a +0 helmet (worn)
Jewellery
 m - an amulet of reflection (around neck)
Scrolls
 e - a scroll of enchant weapon
 r - a scroll of immolation {unknown}
 s - a scroll of poison {unknown}
 v - a scroll of brand weapon {unknown}
 w - a scroll of noise {unknown}
Potions
 d - 2 potions of might
 g - a potion of curing
 i - a potion of berserk rage
 o - a potion of mutation
 q - 5 potions of magic {unknown}
 t - a potion of heal wounds {unknown}
 u - a potion of attraction {unknown}


   Skills:
 + Level 4.9 Fighting
 + Level 3.7 Maces & Flails
 + Level 4.8 Armour
 + Level 4.9 Shields


You had 5 spell levels left.
You didn't know any spells.
Your spell library contained the following spells:

 Spells                   Type           Power      Damage    Failure   Level
 Beastly Appendage        Tmut           0%         N/A       80%         1
 Blink                    Tloc           0%         N/A       91%         2
 Ensorcelled Hibernation  Hex/Ice        0%         N/A       91%         2
 Lesser Beckoning         Tloc           0%         N/A       91%         2
 Momentum Strike          Conj/Tloc      0%         3d8       91%         2
 Passwall                 Tmut/Erth      0%         N/A       91%         2
 Wereblood                Tmut           0%         N/A       91%         2
 Spider Form              Tmut/Pois      0%         N/A       99%         3
 Swiftness                Air            0%         N/A       99%         3


Dungeon Overview and Level Annotations

Branches:
Dungeon (4/15)             Temple (1/1) D:4

Altars:
Ashenzari
Cheibriados
Dithmenos
Elyvilon
Gozag
Hepliaklqana
Makhleb
Nemelex Xobeh
Okawaru
Qazlal
Sif Muna
Vehumet
Xom
The Shining One


Innate Abilities, Weirdness & Mutations

You are immune to sickness and miasma.
Your stone body is resilient. (AC +4)
You are immune to poison.
You resist negative energy. (rN+)
You are resistant to electric shocks. (rElec)
You are resistant to unholy torment.
You are immune to petrification.


Message History

The steam dragon bites you but does no damage.
You block the steam dragon's attack.
You barely miss the steam dragon. The steam dragon bites you.
You block the steam dragon's attack.
You sock the steam dragon!
The steam dragon is moderately wounded.
The steam dragon barely misses you.
The steam dragon claws you but does no damage.
You closely miss the steam dragon.
The steam dragon is moderately wounded.
The steam dragon breathes steam at you. The ball of steam misses you.
You block the steam dragon's attack. x2
You block the steam dragon's attack. x2
You barely miss the steam dragon.
The steam dragon is moderately wounded.
You block the steam dragon's attack. The steam dragon misses you.
You barely miss the steam dragon.
The steam dragon is moderately wounded.
You block the steam dragon's attack. The steam dragon closely misses you.
You sock the steam dragon!
The steam dragon is severely wounded.
The steam dragon bites you! You block the steam dragon's attack.
You hit the steam dragon.
The steam dragon is severely wounded.
The steam dragon breathes steam at you. The ball of steam hits you!
* * * LOW HITPOINT WARNING * * *
The steam dragon bites you but does no damage.
The steam dragon claws you but does no damage.
The steam dragon bites you.
* * * LOW HITPOINT WARNING * * *
You block the steam dragon's attack.
You barely miss the steam dragon.
The steam dragon is severely wounded.
The steam dragon breathes steam at you. The ball of steam hits you.
* * * LOW HITPOINT WARNING * * *
The steam dragon breathes steam at you. The ball of steam hits you!!
You die...

#...# *,*
*,*,**,* ##..#
*.# *,*,,,,* #..#
*#.# *,***,,*
##.##*..# *,*
*,,** #.†##.#*
**,* **,,*
#.....# *,,* *,,,
######.#..## *,**
*,,* #.......[..#
*,* **,*
#......@...# *,*
*,* #.....D§§§§#
*,* *,*
#...|......# *,*
*,, #.....§....#
*,* ***,
#....§.....# *,*
*,,, #....§.§...#
*,* *,,,
#[.........# *,*
*,,,
#.....§....#* *,*
*,,,
#...........***,*
*,,,


You could see a steam dragon (catching breath).

Vanquished Creatures
  A scorpion (D:4)
  A necrophage (D:3)
  A jelly (D:4)
  An iguana (D:4)
  3 gnolls (D:2)
  7 adders
  2 worms
  3 dart slugs
  3 orcs
  11 ball pythons
  8 bats
  3 endoplasms
  2 giant cockroaches
  7 goblins
  11 hobgoblins
  7 jackals
  3 quokkas
  7 frilled lizards
  8 kobolds
  3 rats
92 creatures vanquished.

Notes
Turn   | Place    | Note
-------+----------+-------------------------------------------
     0 | D:1      | Dittersdorf the Gargoyle Fighter began the quest for the
                  | Orb.
     0 | D:1      | Reached XP level 1. HP: 14/14 MP: 1/1
   125 | D:1      | Reached XP level 2. HP: 19/19 MP: 2/2
   856 | D:2      | Reached XP level 3. HP: 23/23 MP: 3/3
  1204 | D:2      | Reached XP level 4. HP: 14/29 MP: 4/4
  1697 | D:2      | Reached XP level 5. HP: 33/33 MP: 5/5
  2586 | D:3      | Reached XP level 6. HP: 36/39 MP: 6/6
  2666 | D:4      | Found a staircase to the Ecumenical Temple.
  2681 | Temple   | Entered the Ecumenical Temple
  2738 | Temple   | Became a worshipper of Warmaster Okawaru
  2793 | D:4      | Noticed a steam dragon
  2851 | D:4      | HP: 1/40 [steam dragon/ball of steam (4)]
  2852 | D:4      | Killed from afar by a steam dragon

Illustrated notes

Levels and vault maps discovered:
D:1:      minmay_arrival_glassed_features, layout_basic
D:2:      layout_basic
D:3:      layout_loops_ring, minmay_snake_closets
D:4:      layout_rooms, minmay_temple_entry_statues_pillars, serial_shops, shop
Temple:   zaba_magenta_temple

Skill      XL: |  1  2  3  4  5 |
---------------+----------------+-----
Shields        | 4 |  4.9
Fighting       | 4 |  4.9
Armour         | 4 |  4.8
Maces & Flails | 3 |  3.7

Action                     |  1- 3 |  4- 6 || total
---------------------------+-------+-------++-------
  Melee: Flail             |   130 |   196 ||   326
    Use: Scroll            |       |     8 ||     8
 Armour: Scale mail        |    81 |   128 ||   209
  Dodge: Dodged            |    79 |   105 ||   184
  Block: Buckler           |    34 |   150 ||   184
         Reflection        |       |     3 ||     3

Table legend: (Time is in decaauts)
 A = Elapsed time spent in this place.
 B = Non-inter-level travel time spent in this place.
 C = Inter-level travel time spent in this place.
 D = Time resting spent in this place.
 E = Time spent auto-exploring this place.
 F = Levels seen in this place.
 G = Mean time per level.
                   A        B        C        D        E       F      G
               +--------+--------+--------+--------+--------+-----+--------+
         Total |   2952 |   2780 |    172 |    110 |   1934 |   5 |  590.4 |
       Dungeon |   2877 |   2721 |    156 |    110 |   1884 |   4 |  719.2 |
        Temple |     74 |     58 |     16 |      0 |     50 |   1 |   74.0 |
               +--------+--------+--------+--------+--------+-----+--------+

Top non-repeatable levels by time:
     D:2: 1034 daAuts
     D:1: 869 daAuts
     D:3: 802 daAuts
     D:4: 171 daAuts
  Temple: 74 daAuts
